 Dungeon Crawl Stone Soup version 0.21.1-1-g345015f (webtiles) character file.

74 goulibeur the Unweaver (level 4, -3/35 HPs)
             Began as a Demonspawn Abyssal Knight on July 3, 2018.
             Was a Follower of Lugonu.
             Slain by an ice beast (12 damage)
             ... on level 3 of the Dungeon.
             The game lasted 00:05:15 (2054 turns).

goulibeur the Unweaver (Demonspawn Abyssal Knight)  Turns: 2054, Time: 00:05:16

Health: -3/35      AC:  7    Str: 13    XL:     4   Next: 10%
Magic:  7/7        EV:  9    Int: 13    God:    Lugonu [*.....]
Gold:   124        SH:  0    Dex: 13    Spells: 3/3 levels left

rFire    . . .     SeeInvis .   p - +2 trident (flame)
rCold    . . .     Gourm    .   (no shield)
rNeg     . . .     Faith    .   k - +0 scale mail
rPois    .         Spirit   .   (helmet restricted)
rElec    .         Reflect  .   (no cloak)
rCorr    .         Harm     .   g - +0 pair of gloves
MR       .....                  (no boots)
Stlth    +.........             (no amulet)
HPRegen  0.11/turn              (no ring)
MPRegen  0.10/turn              (no ring)

@: no status effects
A: antennae 1, nightstalker 1
a: Depart the Abyss, Renounce Religion


You were on level 3 of the Dungeon.
You worshipped Lugonu.
Lugonu was aware of your devotion.
You were hungry.

You visited 1 branch of the dungeon, and saw 3 of its levels.
You visited the Abyss 1 time.

You collected 124 gold pieces.

Inventory:

Hand Weapons
 a - a +1 short sword
 p - a +2 trident of flaming (weapon)
Armour
 b - a +0 leather armour
 e - a +0 helmet
 g - a +0 pair of gloves (worn)
 k - a +0 scale mail (worn)
Jewellery
 o - an uncursed ring of poison resistance {unknown}
Scrolls
 d - 8 scrolls of identify {unknown}
 h - 3 scrolls of fog {unknown}
 i - a scroll of enchant armour {unknown}
 l - 2 scrolls of teleportation {unknown}
Potions
 j - a potion of brilliance {unknown}
 m - a potion of mutation {unknown}
 n - a potion of might {unknown}
Comestibles
 c - 7 rations


   Skills:
 + Level 3.4 Fighting
 - Level 1.7 Short Blades
 + Level 2.3 Armour
 + Level 1.7 Dodging
 * Level 4.0 Invocations


You had 3 spell levels left.
You didn't know any spells.

Dungeon Overview and Level Annotations

Branches:
Dungeon (3/15)

Altars:


Innate Abilities, Weirdness & Mutations

You have a pair of small antennae on your head.
You are slightly more attuned to the shadows.


Message History

Magic restored.
You start resting.
You are feeling hungry.
You start resting.
HP restored.
d - 5 scrolls labeled PODETE TITUKLI (gained 1)
d - 8 scrolls labeled PODETE TITUKLI (gained 3)
An ice beast comes into view.
Found a sedimented amethyst potion.
The ice beast hits you. The ice beast freezes you!
You closely miss the ice beast.
The ice beast hits you but does no damage.
You closely miss the ice beast. The ice beast hits you.
The ice beast freezes you!
* * * LOW HITPOINT WARNING * * *
The ice beast hits you but does no damage.
You closely miss the ice beast. The ice beast hits you.
* * * LOW HITPOINT WARNING * * *
The ice beast freezes you!
You die...

..
#..♣♣..#
#.....##
#.....#
##.##.#
#....##
#####..#
.#...##.#
......#.#
!....Y@.#
......###
.#!..#
####


You could see an ice beast.

Vanquished Creatures
  2 adders
  2 oozes
  A dart slug (D:1)
  A leopard gecko (D:1)
  2 giant cockroaches (D:2)
  10 goblins
  7 hobgoblins
  3 kobolds
  A ball python (D:2)
  6 bats
  A frilled lizard (D:1)
  4 rats (D:2)
40 creatures vanquished.

Notes
Turn   | Place    | Note
-------+----------+-------------------------------------------
     0 | Abyss:1  | goulibeur the Demonspawn Abyssal Knight began the quest for the Orb.
     0 | Abyss:1  | Reached XP level 1. HP: 18/18 MP: 2/2
     5 | Abyss:1  | Found a corrupted altar of Lugonu.
    20 | Abyss:1  | Found a stormy altar of Qazlal.
    29 | Abyss:1  | Noticed a thrashing horror
    32 | D:1      | Escaped the Abyss
    73 | D:1      | Reached skill level 1 in Dodging
   408 | D:1      | Reached * piety under Lugonu
   443 | D:1      | Gained mutation: You have a pair of small antennae on your head. [demonic ancestry]
   443 | D:1      | Reached XP level 2. HP: 22/24 MP: 4/4
   467 | D:1      | Reached skill level 3 in Invocations
   724 | D:2      | Reached XP level 3. HP: 29/29 MP: 5/5
  1931 | D:3      | Reached skill level 4 in Invocations
  1931 | D:3      | Gained mutation: You are slightly more attuned to the shadows. [demonic ancestry]
  1931 | D:3      | Reached XP level 4. HP: 27/35 MP: 5/7
  2047 | D:3      | Noticed an ice beast
  2054 | D:3      | Slain by an ice beast

Skill      XL: |  1  2  3 |
---------------+----------+-----
Dodging        | 1 |  1.7
Armour         | 2 |  2.3
Invocations    | 3 4 |  4.0
Fighting       | |  3.4
Short Blades   | |  1.7

Action                   |  1- 3 |  4- 6 || total
-------------------------+-------+-------++-------
Melee: Short sword       |   112 |       ||   112
       Trident           |    28 |     3 ||    31
Invok: Depart the Abyss  |     1 |       ||     1
  Eat: Chunk             |     3 |       ||     3
Armor: Leather armour    |    18 |       ||    18
       Scale mail        |    35 |     2 ||    37
Dodge: Dodged            |    75 |       ||    75
